 Dungeon Crawl Stone Soup version 0.19-a0-1111-gcceb26a (webtiles) character file.

99 rageheart7 the Charlatan (level 4, 0/21 HPs)
             Began as a Spriggan Artificer on Aug 11, 2016.
             Slain by an orc
             ... wielding a +0 short sword
              (5 damage)
             ... on level 3 of the Dungeon.
             The game lasted 00:02:35 (2473 turns).

rageheart7 the Charlatan (Spriggan Artificer)       Turns: 2473, Time: 00:02:36

Health: 0/21       AC:  2    Str:  8    XL:     4   Next: 45%
Magic:  8/8        EV: 19    Int: 12    God:
Gold:   124        SH:  5    Dex: 17    Spells: 0 memorised, 3 levels left

rFire  . . .     SeeInvis +     r - +3 dagger (venom)
rCold  . . .     Gourm    .     b - +0 robe
rNeg   . . .     Faith    .     n - +0 buckler
rPois  .         Spirit   .     (helmet restricted)
rElec  .         Dismiss  .     (no cloak)
rCorr  .         Reflect  .     (gloves unavailable)
SustAt .         Harm     .     (boots unavailable)
MR     .....                    (no amulet)
Stlth  +++.......               (no ring)
                                (no ring)

@: very quick
A: unfitting armour, see invisible, herbivore 3, speed 3, slow metabolism 2
a: no special abilities


You were on level 3 of the Dungeon.
You were not hungry.

You visited 1 branch of the dungeon, and saw 3 of its levels.

You collected 124 gold pieces.

Inventory:

Hand Weapons
 r - a +3 dagger of venom (weapon)
Armour
 b - a +0 robe (worn)
 n - a +0 buckler (worn)
Wands
 c - a wand of flame (4/48)
 d - a wand of enslavement (15/24)
 e - a wand of random effects (15/48)
Scrolls
 g - a scroll of enchant weapon {unknown}
 j - a scroll of fear {unknown}
 k - 2 scrolls of identify {unknown}
 l - a scroll of blinking {unknown}
 m - a scroll of recharging {unknown}
 p - 2 scrolls of immolation {unknown}
 s - a scroll of remove curse {unknown}
Potions
 a - a potion of invisibility {unknown}
 i - 2 potions of cure mutation {unknown}
 o - a potion of brilliance {unknown}
 q - a potion of might {unknown}
 t - 2 potions of resistance {unknown}
 u - a potion of flight {unknown}
Comestibles
 f - 2 bread rations
 h - a slice of pizza


   Skills:
 - Level 0.7 Fighting
 - Level 1.1 Short Blades
 * Level 4.8 Dodging
 * Level 3.6 Stealth
 + Level 0.3 Shields
 + Level 5.1 Evocations


You had 3 spell levels left.
You didn't know any spells.

Dungeon Overview and Level Annotations

Branches:
Dungeon (3/15)

Altars:


Innate Abilities, Weirdness & Mutations

You are tiny and cannot use many weapons and most armour.
You have supernaturally acute eyesight. (SInv)
You are a herbivore.
You cover ground extremely quickly.
You need consume almost no food.


Message History

You hit the orc but do no damage.
The orc is poisoned.
You block the orc's attack. The orc hits you with a short sword.
You block the orc's attack. The orc closely misses you.
You barely miss the orc. The orc closely misses you. The orc misses you.
The orc completely misses you. The orc barely misses you.
You hit the orc.
The orc looks as sick as possible!
The orc is heavily wounded.
You kill the orc!
The orc misses you. The orc hits you with a short sword.
You hit the orc.
The orc is poisoned.
The orc is lightly wounded.
The orc barely misses you. x2; The orc hits you with a short sword.
You barely miss the orc.
The orc is moderately wounded.
The orc closely misses you. The orc barely misses you.
The orc hits you with a short sword.
You barely miss the orc. The orc hits you with a hand axe.
* * * LOW HITPOINT WARNING * * *
The orc misses you. The orc hits you with a short sword.
You die...

# .# ###
######.#....
#..)<....###
#..o@.......
#..o)o......
#........###
#........#
#.......##
.........
########.#.
....


You could see 3 orcs.

Vanquished Creatures
  An orc wizard (D:3)
  2 adders (D:2)
  An ooze (D:1)
  2 dart slugs (D:1)
  A giant gecko (D:1)
  4 orcs
  A ball python (D:1)
  4 giant cockroaches
  5 goblins
  7 hobgoblins
  4 kobolds
  A bat (D:1)
  2 rats (D:1)
35 creatures vanquished.

Notes
Turn   | Place    | Note
-------+----------+-------------------------------------------
     0 | D:1      | rageheart7 the Spriggan Artificer began the quest for the Orb.
     0 | D:1      | Reached XP level 1. HP: 9/9 MP: 4/4
   357 | D:1      | Reached XP level 2. HP: 12/14 MP: 6/6
   749 | D:1      | Reached XP level 3. HP: 17/17 MP: 7/7
  1937 | D:2      | Reached skill level 5 in Evocations
  2467 | D:3      | Reached XP level 4. HP: 18/21 MP: 8/8
  2473 | D:3      | Slain by an orc

Vault maps used:
D:1:      denvon_arrival_planthouse
D:2:      first_bread, hangedman_decor_clover_reticule, grunt_decor_cap,
          guppyfry_early_orc_mine
D:3:      minmay_goblin_kobold_castle

Skill      XL: |  1  2  3 |
---------------+----------+-----
Stealth        | 2 3 |  3.6
Dodging        | 4 |  4.8
Evocations     | 5 |  5.1
Fighting       | |  0.7
Short Blades   | |  1.1
Shields        | |  0.3

Action                   |  1- 3 |  4- 6 || total
-------------------------+-------+-------++-------
Melee: Short sword       |    77 |       ||    77
       Dagger            |    16 |     6 ||    22
Evoke: Wand              |    11 |       ||    11
 Stab: Sleeping          |     4 |       ||     4
       Distracted        |     1 |       ||     1
Armor: Robe              |     5 |     1 ||     6
Dodge: Dodged            |    76 |    14 ||    90
Block: Buckler           |    10 |     2 ||    12
